 Dungeon Crawl Stone Soup version 0.28.0-53-g5a82cb258f (webtiles) character file.

Game seed: 1591992121211420632

241 Tiocfaidh the Sneak (level 6, 0/39 HPs)
             Began as an Octopode Artificer on May 22, 2022.
             Slain by an orc wizard
             ... wielding a +0 dagger
              (1 damage)
             ... on level 3 of the Dungeon.
             The game lasted 00:18:06 (4315 turns).

Tiocfaidh the Sneak (Octopode Artificer)            Turns: 4315, Time: 00:18:07

Health: 0/39       AC:  1    Str: 13    XL:     6   Next: 8%
Magic:  6/6        EV: 13    Int: 14    God:
Gold:   106        SH:  0    Dex: 12    Spells: 5/5 levels left

rFire   . . .      SeeInvis .   j - +1 hand axe (freeze)
rCold   . . .      Faith    .   (no shield)
rNeg    . . .      Spirit   .   (helmet restricted)
rPois   .          Reflect  .   (no amulet)
rElec   .          Harm     .   (no ring)
rCorr   .          Rampage  .   (no ring)
Will    .....                   (no ring)
Stlth   ++++......              (no ring)
HPRegen 0.13/turn               (no ring)
MPRegen 0.10/turn               (no ring)
                                (no ring)
                                (no ring)

@: about to teleport
A: almost no armour, amphibious, 8 rings, camouflage 1, gelatinous body 1,
(nimble swimmer 1), tentacles
a: no special abilities


You were on level 3 of the Dungeon.
You visited 1 branch of the dungeon, and saw 3 of its levels.
You also visited: Sewer.

You collected 106 gold pieces.

Inventory:

Hand Weapons
 a - a +0 club
 j - a +1 hand axe of freezing (weapon)
 r - a +0 hunting sling
Magical Staves
 l - a staff of earth
Wands
 c - a wand of charming (15)
Scrolls
 e - 3 scrolls of identify
 f - 2 scrolls of vulnerability
 k - a scroll of blinking {unknown}
 n - a scroll of summoning {unknown}
 q - a scroll of fear {unknown}
 s - a scroll of enchant armour {unknown}
Potions
 g - a potion of lignification {unknown}
 i - a potion of attraction {unknown}
 m - a potion of degeneration {unknown}
 o - 2 potions of brilliance {unknown}
 p - a potion of cancellation {unknown}
Miscellaneous
 d - a piece from Xom's chessboard (15/15)


   Skills:
 + Level 1.8 Fighting
 + Level 1.9(2.1) Axes
 + Level 1.3(1.8) Maces & Flails
 + Level 3.2 Dodging
 + Level 4.6 Stealth
 + Level 4.5 Evocations


You had 5 spell levels left.
You didn't know any spells.
Your spell library was empty.

Dungeon Overview and Level Annotations

Branches:
Dungeon (3/15)              Sewer (visited)

Altars:
Qazlal

Annotations:
D:3 1 runed translucent door, boopmooplesden's ghost, amateur MiBe


Innate Abilities, Weirdness & Mutations

You cannot wear most types of armour.
You are amphibious.
You can wear up to eight rings at the same time.
Your skin changes colour to match your surroundings (Stealth+).
Your rubbery body absorbs attacks. (AC +1, EV +1)
((You are camouflaged when in or above water. (Stealth+)))
You have tentacles for arms and can constrict up to eight enemies at once.


Message History

You hit the orc but do no damage. Your grab misses the orc.
Your squeeze misses the orc.
The orc is severely wounded.
You hit the orc wizard. You freeze the orc wizard.
The orc wizard casts a spell at you.
You are confused.
The orc hits you with a +0 dagger.
You closely miss the orc.
The orc is severely wounded.
You barely miss the orc wizard. The orc wizard casts a spell at you.
The magic dart hits you. The orc hits you with a +0 dagger.
The orc wizard mumbles some strange words.
The orc wizard flickers and vanishes!
Deactivating autopickup; reactivate with Ctrl-A.
You miss the orc.
The orc is severely wounded.
You miss something. The orc hits you with a +0 dagger. Something hits you.
You closely miss the orc.
The orc is severely wounded.
You miss something. The orc closely misses you. Something hits you.
The orc hits you with a +0 dagger.
* * * LOW HITPOINT WARNING * * *
You bump into the rock wall.
Something hits you.
* * * LOW HITPOINT WARNING * * *
The orc hits you with a +0 dagger.
* * * LOW HITPOINT WARNING * * *
You bump into the rock wall.
You hear some strange, mumbled words.
A puff of flame appears from out of thin air!
The puff of flame misses you. The orc hits you with a +0 dagger.
* * * LOW HITPOINT WARNING * * *
You feel less confused.
As you read the scroll labelled ERCHOR KAPIUSTI, it crumbles to dust.
It is a scroll of identify.
f - 2 scrolls of vulnerability
As you read the scroll labelled LIUDYX DEGI, it crumbles to dust.
You feel strangely unstable.
It was a scroll of teleportation.
Something hits you.
You die...

#.#........####.#..........<..
#.##.######...#.#.############
#.##.# #.#.#.#.# #.......
#.##.# #.#.#.#.# #.#####.
#.##.# #.#.#.#.# #.# #. #.##.#
#.#.#.#.# #.# #. #.##.#
#.#.#.#.#####.# #. #.##.#
#.#...#.......# #. #.##.#
#.#@########### #. #....#
#o..........#######. ######
###########.........
##########


You could see an orc.

Vanquished Creatures
  Pargi (Sewer)
  A centaur skeleton (D:3)
  3 adders
  A gnoll (D:1)
  A river rat (D:3)
  3 worms
  2 dart slugs (D:1)
  An orc (D:3)
  An endoplasm (D:1)
  5 goblins
  7 hobgoblins
  8 kobolds
  A quokka (D:1)
  7 ball pythons
  5 bats
  7 frilled lizards
  6 rats
60 creatures vanquished.

Vanquished Creatures (others)
  7 plants (D:2)
7 creatures vanquished.

Grand Total: 67 creatures vanquished

Notes
Turn   | Place    | Note
-------+----------+-------------------------------------------
     0 | D:1      | Tiocfaidh the Octopode Artificer began the quest for the
                  | Orb.
     0 | D:1      | Reached XP level 1. HP: 13/13 MP: 1/1
   217 | D:1      | Reached XP level 2. HP: 7/18 MP: 2/2
   804 | D:1      | Reached XP level 3. HP: 13/23 MP: 3/3
  1989 | D:2      | Identified the +1 leather armour of Undesirable Species
                  | {rF- rCorr Str+9 Int+4}
  2000 | D:2      | Found a stormy altar of Qazlal.
  2027 | D:2      | Reached XP level 4. HP: 23/28 MP: 4/4
  2047 | D:2      | Found a faded altar of an unknown god.
  2302 | D:2      | Reached skill level 1 in Maces & Flails
  2563 | D:3      | Found a glowing drain.
  2567 | Sewer    | Entered a sewer
  2796 | Sewer    | Noticed Pargi
  2810 | Sewer    | Killed Pargi
  2811 | Sewer    | Reached skill level 1 in Axes
  2811 | Sewer    | Reached XP level 5. HP: 17/33 MP: 5/5
  4062 | D:3      | Found a runed translucent door.
  4062 | D:3      | Noticed boopmooplesden's ghost (amateur MiBe)
  4107 | D:3      | Reached XP level 6. HP: 26/39 MP: 6/6
  4312 | D:3      | HP: 1/39 [orc/+0 dagger (4)]
  4315 | D:3      | Slain by an orc wizard

Illustrated notes

Levels and vault maps discovered:
D:1:      tarquinn_simple_flora_water_a, layout_basic
D:2:      layout_loops_ring, serial_bayou, serial_bayou_pond_d,
          serial_bayou_lake_a, serial_bayou_shore_a, serial_bayou_pond_d,
          serial_bayou_pond_d, ebering_ecumenical_altar_box, basic_altar,
          minmay_misc_feat_five, kennysheep_pointless_box,
          minmay_misc_feat_columns, item_on_display_a
D:3:      layout_basic, gup_sewer_entry_bowl, hellmonk_ghost_happy_afterlife,
          serial_forest, infiniplex_forest_clump_small,
          infiniplex_forest_fountain, infiniplex_forest_corner_2,
          infiniplex_forest_clump_long, infiniplex_forest_straight_4,
          infiniplex_forest_straight_4, infiniplex_forest_zigzag_2,
          infiniplex_forest_end_3, chequers_serial_rivers_large_b,
          nrook_campfire

Skill      XL: |  1  2  3  4 |
---------------+-------------+-----
Evocations     | 4 |  4.5
Stealth        | 2 4 |  4.6
Maces & Flails | 1 |  1.3
Dodging        | 3 |  3.2
Axes           | 1 |  1.9
Fighting       | |  1.8

Action                   |  1- 3 |  4- 6 || total
-------------------------+-------+-------++-------
Melee: Club              |    71 |       ||    71
       Constrict         |    25 |     7 ||    32
       Tentacles         |    16 |     6 ||    22
       Hand axe          |       |    41 ||    41
Evoke: Wand              |     7 |     8 ||    15
  Use: Scroll            |       |     2 ||     2
 Stab: Sleeping          |     6 |     7 ||    13
Armor: Skin              |     7 |     1 ||     8
Dodge: Dodged            |    34 |    31 ||    65
